 Dungeon Crawl Stone Soup version 0.19-a0-1720-gc855d72 (webtiles) character file.

181 Charly the Chopper (level 5, -3/46 HPs)
             Began as a Deep Dwarf Monk on Sept 29, 2016.
             Slain by Menkaure (21 damage)
             ... on level 6 of the Dungeon.
             The game lasted 00:12:53 (519 turns).

Charly the Chopper (Deep Dwarf Monk)                 Turns: 519, Time: 00:12:53

Health: -3/46      AC:  3    Str: 15    XL:     5   Next: 34%
Magic:  3/3        EV: 13    Int: 11    God:
Gold:   81         SH:  0    Dex: 15    Spells: 0 memorised, 4 levels left

rFire  . . .     SeeInvis .     a - +0 hand axe
rCold  . . .     Gourm    .     b - +0 robe
rNeg   . . .     Faith    .     (no shield)
rPois  .         Spirit   .     (no helmet)
rElec  .         Dismiss  .     (no cloak)
rCorr  .         Reflect  .     (no gloves)
MR     .....     Harm     .     (no boots)
Stlth  ++........               (no amulet)
                                (no ring)
                                o - ring of wizardry

@: non-regenerating
A: damage resistance, recharge devices, sense surroundings 1, slow regeneration
3
a: Device Recharging


You were on level 6 of the Dungeon.
You were not hungry.

You visited 1 branch of the dungeon, and saw 6 of its levels.

You collected 81 gold pieces.

Inventory:

Hand Weapons
 a - a +0 hand axe (weapon)
Armour
 b - a +0 robe (worn)
Jewellery
 o - a ring of wizardry (left hand)
Wands
 c - a wand of heal wounds (4/9)
Scrolls
 h - 2 scrolls of magic mapping
 i - a scroll of immolation {unknown}
 k - 2 scrolls of amnesia {unknown}
 m - a scroll of blinking {unknown}
 n - a scroll of remove curse {unknown}
 p - a scroll of vulnerability {unknown}
Potions
 e - a potion of invisibility {unknown}
 f - a potion of heal wounds {unknown}
 j - 2 potions of curing {unknown}
 l - a potion of ambrosia {unknown}
Comestibles
 d - 2 bread rations
 g - a meat ration


   Skills:
 - Level 2.6 Fighting
 * Level 6.7 Axes
 - Level 3.2 Dodging
 - Level 2.4 Stealth


You had 4 spell levels left.
You didn't know any spells.

Dungeon Overview and Level Annotations

Branches:
Dungeon (6/15)
 Temple: D:4-7

Altars:
Elyvilon
Okawaru

Annotations:
D:4 Grinder
D:6 Menkaure, Sigmund


Innate Abilities, Weirdness & Mutations

You are resistant to damage.
You can recharge devices by infusing magical energy.
You passively map a small area around you.
You do not regenerate.


Message History

Unknown command.
You hit Menkaure but do no damage. Something hits you!
* * * LOW HITPOINT WARNING * * *
Menkaure closely misses you.
Unknown command.
Evoke which item? (* to show all) (? for menu, Esc to quit)
Zapping:
c - a wand of heal wounds (5/9)
Press: ? - help, Shift-Dir - straight line, f - you You feel much better.
This wand has 4 charges left.
Menkaure calls on the powers of darkness!
The leopard gecko convulses!
Your body is wracked with pain!
Something hits you!
* * * LOW HITPOINT WARNING * * *
You hit Menkaure.
Menkaure is moderately damaged.
Menkaure hits you.
You hit Menkaure.
Menkaure is moderately damaged.
Menkaure hits you!!
You die...

, , * * * # , .## ,
**
###############..##
,
...................
≈≈
≈≈≈≈≈≈≈≈≈≈≈≈≈≈....≈≈
≈
≈≈≈≈≈≈≈≈≈≈≈≈≈≈....≈
≈ ,
*#≈≈≈≈≈≈≈≈{≈≈≈....≈
*
#......@Ml.†......,
*
#############++++#*
* ≈ * * * * *, ,+, ,
, +, , , , , ≈ ,***
* *** * * , +, ,, ,+
, ,,,, , * , ,


You could see Menkaure and a leopard gecko.

Vanquished Creatures
  An ogre (D:5)
  A bullfrog zombie (D:5)
  2 gnolls (D:6)
  2 adders (D:2)
  2 orcs
  2 giant cockroaches
  2 goblins
  A hobgoblin (D:2)
  9 jackals
  2 rats (D:1)
24 creatures vanquished.

Notes
Turn   | Place    | Note
-------+----------+-------------------------------------------
     0 | D:1      | Charly the Deep Dwarf Monk began the quest for the Orb.
     0 | D:1      | Reached XP level 1. HP: 20/20 MP: 1/1
    86 | D:1      | Reached XP level 2. HP: 24/27 MP: 2/2
   108 | D:2      | Reached skill level 4 in Axes
   143 | D:2      | Reached XP level 3. HP: 21/33 MP: 3/3
   309 | D:4      | Noticed Grinder
   324 | D:4      | Paralysed by Grinder for 5 turns
   334 | D:4      | Paralysed by Grinder for 7 turns
   358 | D:5      | Entered Level 5 of the Dungeon
   393 | D:5      | Reached skill level 5 in Axes
   393 | D:5      | Reached XP level 4. HP: 30/40 MP: 3/3
   405 | D:5      | Noticed an ogre
   446 | D:5      | Killed an ogre
   446 | D:5      | Reached skill level 6 in Axes
   446 | D:5      | Reached XP level 5. HP: 41/46 MP: 4/4
   457 | D:5      | Found a white marble altar of Elyvilon.
   458 | D:5      | Found an iron altar of Okawaru.
   495 | D:6      | Noticed Menkaure
   496 | D:6      | Noticed Sigmund
   519 | D:6      | Slain by Menkaure

Vault maps used:
D:1:      co_arrival_square_in_a_square_in_a_square, st_stairs_11
D:2:      minmay_unequal
D:3:      gammafunk_temple_overflow_pools, makhleb_altar_promises_db
D:4:      kennysheep_little_box, first_bread, uniq_grinder
D:5:      vehumet_statue, tso_oasis_becter, minitemple,
          nicolae_qazlal_eye_of_the_storm, uniq_pikel
D:6:      lemuel_castle_with_subvaults, grunt_gozag_statues, enter_ossuary_3,
          uniq_sigmund, uniq_menkaure

Skill      XL: |  1  2  3  4 |
---------------+-------------+-----
Axes           | 4 5 6 |  6.7
Fighting       | |  2.6
Dodging        | |  3.2
Stealth        | |  2.4

Action                   |  1- 3 |  4- 6 || total
-------------------------+-------+-------++-------
Melee: Hand axe          |    81 |    36 ||   117
 Abil: Device Recharging |     1 |     1 ||     2
Evoke: Wand              |     6 |     5 ||    11
  Use: Scroll            |     1 |       ||     1
 Stab: Sleeping          |     1 |       ||     1
Armor: Robe              |    21 |     6 ||    27
Dodge: Dodged            |    80 |    22 ||   102
